[Event "Titled Tuesday Blitz April 18 Late 2023"]
[White "Allam, Yara"]
[Black "Ansh M Shah"]
[WhiteFideId "10615709"]
[BlackFideId "25033379"]
[WhiteElo "1758"]
[BlackElo "2084"]
[Result "0-1"]
[Round "06"]
[TimeControl "180+2"]
[Date "2023.04.18"]
[WhiteClock "0:00:42"]
[BlackClock "0:00:24"]

1. e4 c6 2. d4 d5 3. Nc3 dxe4 4. Nxe4 Bf5 5. Ng3 Bg6 6. Nf3 Nd7 7. h4 h6 8. h5 Bh7 9. Bd3 Bxd3 10. Qxd3 e6 11. Bf4 Qa5+ 12. Bd2 Bb4 13. c3 Be7 14. Ne4 Ngf6 15. Nxf6+ Nxf6 16. Ne5 O-O 17. g4 Qd5 18. Rg1 c5 19. g5 cxd4 20. gxh6 Qxe5+ 21. Kd1 Qxh5+ 22. Kc2 Qf5 23. Rxg7+ Kh8 24. Qxf5 exf5 25. Rag1 Rac8 26. Kb1 Ne4 27. Bf4 Bf6 28. R7g2 dxc3 29. h7 cxb2 30. Bh6 Rfd8 31. Bg7+ Bxg7 32. Rxg7 Nd2+ 33. Kxb2 Rf8 34. f4 Nc4+ 35. Kb3 Ne3 36. R7g5 b6 37. Re1 Nc2 38. Reg1 Nd4+ 39. Kb2 Nf3 40. R1g2 Nxg5 41. Rxg5 Kxh7 42. Rxf5 Kg6 43. Rg5+ Kf6 44. Rh5 Rfd8 45. Rh6+ Ke7 46. Rh5 Rd2+ 47. Kb3 Rf2 48. Re5+ Kf6 49. Re4 Rc6 50. Rd4 a5 51. Re4 Rc5 52. Rd4 Rf3+ 53. Kb2 Kf5 54. Rd7 f6 55. Rd6 b5 56. Ra6 a4 57. Rd6 Rxf4 58. Rd7 Rf2+ 59. Kb1 Re5 60. Rd1 Ree2 61. a3 Rb2+ 62. Ka1 Ra2+ 63. Kb1 Rfb2+ 64. Kc1 Ra1+ 65. Kxb2 Rxd1 66. Ka2 Rd3 67. Kb2 Ke4 68. Ka2 Kd4 69. Kb2 Kc4 70. Ka2 f5 71. Kb2 f4 72. Ka2 f3 73. Kb2 f2 74. Ka2 f1=Q 75. Kb2 Qe2+ 76. Kb1 Rd1# 0-1


[Site "https://www.chess.com"]

[Event "Titled Tuesday Blitz April 18 Late 2023"]
[White "EsmeraldasAnderson03"]
[Black "tandercat"]
[WhiteElo "2380"]
[BlackElo "1975"]
[Result "1-0"]
[Round "06"]
[TimeControl "180+2"]
[Date "2023.04.18"]
[WhiteClock "0:00:17"]
[BlackClock "0:00:12"]

1. d4 d5 2. c4 e6 3. cxd5 exd5 4. Nc3 c6 5. Nf3 h6 6. Qc2 Bd6 7. Ne5 Nd7 8. Bf4 Qe7 9. Ng6 fxg6 10. Qxg6+ Kd8 11. Bxd6 Qf6 12. Qxf6+ Ngxf6 13. e3 Ke8 14. Bd3 Kf7 15. h4 Re8 16. b4 Ne4 17. Nxe4 dxe4 18. Bc4+ Kg6 19. h5+ Kh7 20. Bf7 Rd8 21. Be7 Rg8 22. Bxg8+ Kxg8 23. Rh4 Nf6 24. Bxf6 gxf6 25. Rxe4 Kf7 26. Rh4 Bf5 27. Kd2 Re8 28. f3 Be6 29. a4 Bc4 30. Rg4 a6 31. Rg6 Rh8 32. Rc1 Bb3 33. a5 Ke6 34. e4 Ke7 35. Ke3 Kf7 36. Rh1 Be6 37. Rh4 Bc4 38. Rf4 Ke7 39. Rfxf6 Rh7 40. Rxh6 Rxh6 41. Rxh6 Kf7 42. Rh7+ Kg8 43. Rxb7 Bb5 44. g4 Kh8 45. g5 Kg8 46. f4 Kh8 47. f5 Kg8 48. h6 Kh8 49. g6 1-0


[Site "https://www.chess.com"]

[Event "Titled Tuesday Blitz April 18 Late 2023"]
[White "Vargas, Mauricio"]
[Black "Szyszylo, Rafal"]
[WhiteFideId "4404572"]
[BlackFideId "1109626"]
[WhiteElo "1998"]
[BlackElo "1951"]
[Result "0-1"]
[Round "06"]
[TimeControl "180+2"]
[Date "2023.04.18"]
[WhiteClock "0:00:01"]
[BlackClock "0:00:12"]

1. e4 g6 2. f4 d6 3. Nf3 Nf6 4. Nc3 Bg7 5. Bc4 O-O 6. d3 c6 7. a4 d5 8. exd5 Nxd5 9. Ne4 Nd7 10. O-O N7f6 11. Neg5 Bg4 12. Qe1 h6 13. Ne4 a5 14. Qh4 Bxf3 15. Rxf3 e6 16. Qg3 Nxe4 17. dxe4 Nb4 18. Bb3 Qd4+ 19. Be3 Qxe4 20. c3 Nd5 21. Bc5 Rfd8 22. Rc1 b6 23. Re1 Qf5 24. Bf2 c5 25. Bc4 Nf6 26. Re5 Qg4 27. Qxg4 Nxg4 28. Re1 Rd2 29. Bg3 Rad8 30. h3 Nf6 31. Rf2 Nh5 32. Bh2 Bf6 33. g4 Ng7 0-1


[Site "https://www.chess.com"]

[Event "Titled Tuesday Blitz April 18 Late 2023"]
[White "Erzhanov, Arman"]
[Black "Ng, Gary"]
[WhiteFideId "4138821"]
[BlackFideId "2604914"]
[WhiteElo "2138"]
[BlackElo "2301"]
[Result "1-0"]
[Round "06"]
[TimeControl "180+2"]
[Date "2023.04.18"]
[WhiteClock "0:00:21"]
[BlackClock "0:00:03"]

1. e4 b6 2. d4 Bb7 3. Bd3 Nf6 4. Qe2 Nc6 5. c3 e5 6. Nf3 exd4 7. Nxd4 Be7 8. Nf5 O-O 9. O-O Re8 10. Bg5 Ne5 11. Bc2 d5 12. f4 Ng6 13. e5 Ne4 14. Nxe7+ Nxe7 15. Nd2 Nxg5 16. fxg5 Ng6 17. Nf3 Qe7 18. Rae1 Rad8 19. h4 Qc5+ 20. Kh2 Qa5 21. Qd2 Ba6 22. Rf2 Qc5 23. h5 Nf8 24. Nd4 Ne6 25. Bxh7+ Kxh7 26. Rxf7 Nxd4 27. g6+ Kg8 28. cxd4 Qa5 29. b4 Qa3 30. Re3 Qa4 31. h6 Rf8 32. Rxg7+ Kh8 33. Rxc7 Rg8 34. Rh7# 1-0


[Site "https://www.chess.com"]

[Event "Titled Tuesday Blitz April 18 Late 2023"]
[White "Harish, Neeraj"]
[Black "Seletsky, Grigory"]
[WhiteFideId "30958130"]
[BlackFideId "14112191"]
[WhiteElo "1965"]
[BlackElo "2490"]
[Result "1-0"]
[Round "06"]
[TimeControl "180+2"]
[Date "2023.04.18"]
[WhiteClock "0:00:11"]
[BlackClock "0:01:29"]

1. e4 c5 2. Nf3 e6 3. d4 cxd4 4. Nxd4 Nf6 5. Nc3 d6 6. g4 a6 7. g5 Nfd7 8. Be3 Qc7 9. Qd2 b5 10. a3 Bb7 11. O-O-O Nc6 12. Nxc6 Bxc6 13. Bg2 Qb7 14. f4 Be7 15. Bd4 O-O 16. h4 Nb6 17. h5 Nc4 18. Qe2 e5 19. Bf2 exf4 20. g6 fxg6 21. hxg6 h6 22. Bh3 Bf6 23. Be6+ Kh8 24. Bd4 Bxd4 25. Rxd4 f3 26. Qf2 Qb6 27. e5 dxe5 28. Rxh6+ gxh6 29. Qh4 Kg7 30. Qe7+ Kxg6 31. Rg4+ Kh5 32. Qh4# 1-0


[Site "https://www.chess.com"]

[Event "Titled Tuesday Blitz April 18 Late 2023"]
[White "ChessSG1"]
[Black "Golubev, Mikhail"]
[BlackFideId "14100983"]
[WhiteElo "2225"]
[BlackElo "2374"]
[Result "0-1"]
[Round "06"]
[TimeControl "180+2"]
[Date "2023.04.18"]
[WhiteClock "0:00:01"]
[BlackClock "0:00:09"]

1. c4 g6 2. g3 Bg7 3. Bg2 e5 4. Nc3 Nc6 5. e3 d6 6. Nge2 Nf6 7. d4 O-O 8. O-O exd4 9. exd4 Re8 10. h3 Bf5 11. Bg5 h6 12. Be3 Ne4 13. g4 Nxc3 14. Nxc3 Bd7 15. Qd2 Kh7 16. Rae1 f5 17. g5 Rxe3 18. fxe3 Qxg5 19. Nd5 Nxd4 20. Qf2 Ne6 21. h4 Qd8 22. h5 gxh5 23. Qxf5+ Kh8 24. Nf6 Bxf6 25. Qxf6+ Qxf6 26. Rxf6 Kg7 27. Ref1 Ng5 28. b3 Re8 29. Bxb7 Rxe3 30. Bd5 h4 31. b4 Bg4 32. c5 dxc5 33. bxc5 Re5 34. Bg2 Rxc5 35. Ra6 h3 36. Bh1 Rc2 0-1


[Site "https://www.chess.com"]

[Event "Titled Tuesday Blitz April 18 Late 2023"]
[White "Volkmann, Andre Jordi"]
[Black "Urbina Perez, Juan Antonio"]
[WhiteFideId "2154463"]
[BlackFideId "2217368"]
[WhiteElo "1999"]
[BlackElo "2197"]
[Result "1-0"]
[Round "06"]
[TimeControl "180+2"]
[Date "2023.04.18"]
[WhiteClock "0:01:08"]
[BlackClock "0:00:49"]

1. d4 d5 2. c4 c6 3. cxd5 cxd5 4. Nc3 Nf6 5. Bf4 Nc6 6. e3 a6 7. Bd3 Bg4 8. Qb3 Ra7 9. h3 Bh5 10. Nge2 e6 11. O-O Bd6 12. Bxd6 Qxd6 13. Nf4 Bg6 14. Qb6 O-O 15. Nxg6 hxg6 16. Rac1 Qd8 17. Qc5 Ra8 18. Na4 Nd7 19. Qd6 Nf6 20. Qxd8 Rfxd8 21. Nc5 Nb4 22. Bb1 Rab8 23. a3 Nc6 24. Nxa6 bxa6 25. Rxc6 Rxb2 26. Rxa6 Rdb8 27. Bd3 Rd2 28. Bb1 Rdb2 29. Bd3 Rd2 30. Bb1 Rbb2 31. Ra8+ Kh7 32. h4 Ng4 33. h5 Nxe3 34. hxg6+ fxg6 35. Re1 Nf5 36. g4 Nh4 37. Rf1 Nf3+ 38. Kg2 Nxd4 39. Rh1# 1-0


[Site "https://www.chess.com"]

[Event "Titled Tuesday Blitz April 18 Late 2023"]
[White "Schuster, Karsten"]
[Black "Atanasov, Radislav"]
[WhiteFideId "4611071"]
[BlackFideId "2901471"]
[WhiteElo "2294"]
[BlackElo "2077"]
[Result "1-0"]
[Round "06"]
[TimeControl "180+2"]
[Date "2023.04.18"]
[WhiteClock "0:01:01"]
[BlackClock "0:00:36"]

1. d4 Nf6 2. Nf3 c5 3. c3 d5 4. Bf4 Nc6 5. e3 Bg4 6. Bb5 e6 7. Qa4 Bxf3 8. Bxc6+ bxc6 9. Qxc6+ Nd7 10. gxf3 Be7 11. O-O O-O 12. Nd2 cxd4 13. cxd4 Rc8 14. Qa4 Rb8 15. Bxb8 Qxb8 16. Qb3 Qd6 17. Qa3 Qxa3 18. bxa3 Bxa3 19. Rab1 Nb6 20. Rb3 Be7 21. Rc1 Bf6 22. Rc7 e5 23. dxe5 Bxe5 24. Rxa7 Nc8 25. Ra8 g5 26. Rb5 Rd8 27. Rc5 1-0


[Site "https://www.chess.com"]

[Event "Titled Tuesday Blitz April 18 Late 2023"]
[White "Fajdetic, Hrvoje"]
[Black "Vanek, Tomas"]
[WhiteFideId "14501945"]
[BlackFideId "313459"]
[WhiteElo "2185"]
[BlackElo "2052"]
[Result "1-0"]
[Round "06"]
[TimeControl "180+2"]
[Date "2023.04.18"]
[WhiteClock "0:00:07"]
[BlackClock "0:00:03"]

1. d4 f5 2. Bg5 h6 3. Bh4 g5 4. e3 Nf6 5. Bg3 d6 6. h4 g4 7. Ne2 Nh5 8. Nf4 Nxf4 9. Bxf4 Bg7 10. Bc4 Nc6 11. Nc3 e5 12. dxe5 dxe5 13. Qxd8+ Nxd8 14. Bh2 c6 15. O-O-O Ke7 16. e4 f4 17. f3 Ne6 18. Bg1 Nd4 19. Ne2 gxf3 20. Nxd4 fxg2 21. Rh2 exd4 22. Rxg2 Bf6 23. Bxd4 f3 24. Bxf6+ Kxf6 25. Rf1 Ke5 26. Rxf3 Kxe4 27. Rf7 b5 28. Bd3+ Kd4 29. Rg6 Kc5 30. Rc7 Rf8 31. Rcxc6+ Kd5 32. Bxb5 Bf5 33. Rxh6 Rac8 34. Rhd6+ Ke5 35. h5 Rxc6 36. Rxc6 Rh8 37. Be2 Kd5 38. Rc3 Be4 39. Rg3 Kd4 40. c3+ Ke5 41. b4 Kf4 42. Rg1 Ke3 43. Bd1 Kd3 44. Rg3+ Kc4 45. Kb2 Rf8 46. Bb3+ Kb5 47. a4+ Kb6 48. Ka3 a5 49. Re3 Bc6 50. Re6 Kb7 51. b5 Bd7 52. Rd6 Kc7 53. Rh6 Rf3 54. c4 Rc3 55. Rh7 Rc1 56. b6+ Kc6 57. b7 Kxb7 58. Rxd7+ Kc6 59. Rd5 Ra1+ 60. Kb2 Rh1 61. Rb5 Rh2+ 62. Ka3 Kc7 63. Rxa5 Kb6 64. Rb5+ Ka6 65. Kb4 Rh4 66. a5 Rh3 67. Rb6+ Ka7 68. h6 Rxh6 69. Rxh6 Ka8 70. Kb5 Kb8 71. Kb6 Ka8 72. Rh8# 1-0


[Site "https://www.chess.com"]

[Event "Titled Tuesday Blitz April 18 Late 2023"]
[White "Garrido, Denis"]
[Black "Brod, Manfred"]
[WhiteFideId "601217"]
[BlackFideId "1602110"]
[WhiteElo "2315"]
[BlackElo "2093"]
[Result "1-0"]
[Round "06"]
[TimeControl "180+2"]
[Date "2023.04.18"]
[WhiteClock "0:00:48"]
[BlackClock "0:00:42"]

1. d4 f5 2. c4 Nf6 3. g3 e6 4. Bg2 Be7 5. Nf3 O-O 6. O-O d6 7. Nc3 Ne4 8. Nxe4 fxe4 9. Nd2 d5 10. f3 Nc6 11. fxe4 dxc4 12. Rxf8+ Bxf8 13. Nf3 b6 14. d5 Bc5+ 15. Kh1 Ne7 16. Ne5 Bb7 17. Bg5 exd5 18. exd5 h6 19. Bxe7 Qxe7 20. Nxc4 Rd8 21. e4 c6 22. Qb3 cxd5 23. exd5 Rxd5 24. Nxb6 axb6 25. Bxd5+ Kh8 26. Rf1 Qe6 27. Bxb7 1-0


[Site "https://www.chess.com"]

[Event "Titled Tuesday Blitz April 18 Late 2023"]
[White "Eisa Mohmood, Alkhoori"]
[Black "Bueno, Alfeu Junior Varela"]
[WhiteFideId "9316116"]
[BlackFideId "2108879"]
[WhiteElo "1310"]
[BlackElo "2175"]
[Result "1-0"]
[Round "06"]
[TimeControl "180+2"]
[Date "2023.04.18"]
[WhiteClock "0:01:40"]
[BlackClock "0:00:03"]

1. e4 e6 2. d4 d5 3. Nd2 Nf6 4. e5 Nfd7 5. Bd3 c5 6. c3 Nc6 7. Ngf3 cxd4 8. cxd4 f6 9. exf6 Nxf6 10. O-O Bd6 11. b3 O-O 12. Bb2 Qc7 13. Rc1 Bd7 14. Re1 Rae8 15. Ne5 Re7 16. f4 Be8 17. Qc2 Bh5 18. g3 Rc8 19. Qb1 Qb6 20. Nxc6 bxc6 21. Kg2 Bb4 22. Qc2 c5 23. a3 Bxd2 24. Qxd2 Nd7 25. dxc5 Qxb3 26. c6 Nb6 27. f5 Na4 28. f6 gxf6 29. Bxf6 Rf7 30. Rxe6 Qxa3 31. Qg5+ Bg6 32. Bxg6 hxg6 33. Qxg6+ Kf8 34. Qh6+ Kg8 35. Qh8# 1-0


[Site "https://www.chess.com"]

[Event "Titled Tuesday Blitz April 18 Late 2023"]
[White "brm72"]
[Black "Georg, Heinz"]
[BlackFideId "4607295"]
[WhiteElo "2577"]
[BlackElo "2258"]
[Result "1-0"]
[Round "06"]
[TimeControl "180+2"]
[Date "2023.04.18"]
[WhiteClock "0:01:13"]
[BlackClock "0:01:01"]

1. e4 c6 2. d4 d5 3. e5 Bf5 4. Nf3 e6 5. Be2 Nd7 6. Nbd2 Ne7 7. a4 h6 8. a5 Qc7 9. c3 g5 10. b4 Bg7 11. O-O O-O-O 12. Nb3 f6 13. exf6 Bxf6 14. Nc5 Nxc5 15. bxc5 e5 16. a6 e4 17. axb7+ Kd7 18. Rxa7 Rb8 19. Ne5+ Bxe5 20. dxe5 Qxe5 21. Be3 Qc7 22. Qb3 Ng6 23. c4 Be6 24. cxd5 Bxd5 25. Bc4 Ne7 26. Rd1 Rhd8 27. h4 gxh4 28. Bxh6 h3 29. Qxh3+ Ke8 30. Qh5+ Kd7 31. Qg4+ Ke8 32. Bf4 1-0


[Site "https://www.chess.com"]

[Event "Titled Tuesday Blitz April 18 Late 2023"]
[White "Hirneise, Jens"]
[Black "De Souza, Cristiano Gomes"]
[WhiteFideId "24614734"]
[BlackFideId "2151758"]
[WhiteElo "2345"]
[BlackElo "2068"]
[Result "1-0"]
[Round "06"]
[TimeControl "180+2"]
[Date "2023.04.18"]
[WhiteClock "0:00:35"]
[BlackClock "0:00:57"]

1. Nf3 Nf6 2. c4 g6 3. Nc3 Bg7 4. e4 d6 5. d4 O-O 6. Be2 e5 7. O-O Nc6 8. dxe5 Nxe5 9. Nxe5 dxe5 10. Bg5 c6 11. Qc1 Be6 12. Rd1 Qc7 13. Bh6 Rad8 14. Bxg7 Kxg7 15. Qe3 b6 16. h3 Rxd1+ 17. Rxd1 Rd8 18. a4 Rxd1+ 19. Nxd1 Qd6 20. Nc3 Qb4 21. Qg5 Qxb2 22. Qxe5 Qb4 23. g4 h6 24. h4 Bxc4 25. Bxc4 Qxc4 26. g5 hxg5 27. hxg5 Qe6 28. gxf6+ Qxf6 29. f4 Qxe5 30. fxe5 a6 31. Kf2 b5 32. Ke3 bxa4 33. Nxa4 Kf8 34. Nc5 a5 35. Kd4 Ke7 36. Kc4 g5 37. Kd4 g4 38. Ke3 f6 39. exf6+ Kxf6 40. Kf4 g3 41. e5+ Ke7 42. Kxg3 a4 43. Nxa4 Ke6 44. Kf4 Kd5 45. Kf5 c5 46. e6 Kd6 47. Kf6 c4 48. e7 1-0


[Site "https://www.chess.com"]

[Event "Titled Tuesday Blitz April 18 Late 2023"]
[White "Bilan, Danila"]
[Black "Simonovic, Miroslav"]
[WhiteFideId "24161918"]
[BlackFideId "919152"]
[WhiteElo "2182"]
[BlackElo "2042"]
[Result "1-0"]
[Round "06"]
[TimeControl "180+2"]
[Date "2023.04.18"]
[WhiteClock "0:01:03"]
[BlackClock "0:00:25"]

1. d4 Nf6 2. Nf3 c5 3. e3 b6 4. c4 Bb7 5. Nc3 g6 6. d5 d6 7. e4 Nbd7 8. Bd3 Bg7 9. Bg5 h6 10. Bh4 O-O 11. O-O e5 12. dxe6 fxe6 13. e5 Bxf3 14. Qxf3 Nxe5 15. Qh3 Nxd3 16. Qxd3 g5 17. Bg3 e5 18. Rad1 Ne8 19. Rd2 Qe7 20. Qd5+ Kh8 21. Qxa8 Nf6 22. Qc6 h5 23. Qxd6 Qf7 24. Bxe5 Ne8 25. Qh6+ Kg8 26. Qxg5 1-0


[Site "https://www.chess.com"]

[Event "Titled Tuesday Blitz April 18 Late 2023"]
[White "Santos Flores, Alberto"]
[Black "Torres Hernandez, Leslie Carolin"]
[WhiteFideId "3601234"]
[BlackFideId "8400504"]
[WhiteElo "2235"]
[BlackElo "1920"]
[Result "1-0"]
[Round "06"]
[TimeControl "180+2"]
[Date "2023.04.18"]
[WhiteClock "0:00:59"]
[BlackClock "0:00:28"]

1. d4 Nf6 2. Bf4 d5 3. Nc3 c6 4. e3 g6 5. Bd3 Bg7 6. h3 O-O 7. Nf3 c5 8. dxc5 Nbd7 9. e4 Nxc5 10. exd5 Nxd5 11. Nxd5 Qxd5 12. O-O Nxd3 13. Qxd3 Qxd3 14. cxd3 Bf5 15. Ne5 f6 16. Nf3 Bxd3 17. Rfd1 Bb5 18. Nd4 Bc4 19. Rac1 Bxa2 20. Be3 e5 21. Nb5 a6 22. Nd6 b5 23. Rc7 Rfd8 24. Bc5 Be6 25. Ra1 Bf8 26. Ne4 Bg7 27. Be7 Rd7 28. Rxd7 Bxd7 29. Nxf6+ Kf7 30. Nxd7 Kxe7 31. Nc5 a5 32. Ne4 h6 33. Rc1 Ra7 34. Kf1 b4 35. b3 Kd7 36. Ke2 Ke6 37. g3 Kf5 38. Ke3 a4 39. bxa4 Rxa4 40. g4+ Ke6 41. Nc5+ Kd5 42. Nxa4 h5 43. Rb1 1-0


[Site "https://www.chess.com"]

[Event "Titled Tuesday Blitz April 18 Late 2023"]
[White "Romero Ruscalleda, Josep"]
[Black "Estrada Nieto, Julian"]
[WhiteFideId "2231859"]
[BlackFideId "5101018"]
[WhiteElo "2183"]
[BlackElo "2161"]
[Result "0-1"]
[Round "06"]
[TimeControl "180+2"]
[Date "2023.04.18"]
[WhiteClock "0:00:06"]
[BlackClock "0:00:39"]

1. e4 e5 2. Nf3 Nc6 3. Bc4 Bc5 4. c3 Nf6 5. b4 Bb6 6. a4 a6 7. d3 d6 8. Bb3 O-O 9. h3 Ne7 10. Nbd2 Ng6 11. Nc4 Ba7 12. O-O Be6 13. Be3 h6 14. Bxa7 Rxa7 15. Ne3 Re8 16. Bc2 Ra8 17. d4 c6 18. Re1 Qc7 19. Qd2 Rad8 20. Rad1 Nf4 21. Nf5 c5 22. Kh2 cxd4 23. cxd4 Rc8 24. Bb1 Bxf5 25. exf5 N4d5 26. dxe5 dxe5 27. Ba2 e4+ 28. Kh1 Nc3 29. Nd4 Nxd1 30. Rxd1 Red8 31. Qe3 Qc3 32. Rd2 Qxe3 33. fxe3 Rc3 34. g4 Rxe3 35. Kg2 Rd3 36. Rxd3 exd3 37. Nf3 d2 0-1


[Site "https://www.chess.com"]

[Event "Titled Tuesday Blitz April 18 Late 2023"]
[White "Sariego Figueredo, Wilfredo"]
[Black "Vaglio Munoz, Jaime"]
[WhiteFideId "3500080"]
[BlackFideId "6500145"]
[WhiteElo "2309"]
[BlackElo "2199"]
[Result "0-1"]
[Round "06"]
[TimeControl "180+2"]
[Date "2023.04.18"]
[WhiteClock "0:00:19"]
[BlackClock "0:01:46"]

1. d4 c6 2. Bf4 Qb6 3. Nc3 Qxb2 4. Bd2 Qb6 5. e3 d5 6. Nf3 Nf6 7. Bd3 Bg4 8. O-O e6 9. h3 Bh5 10. g4 Bg6 11. Ne5 Nbd7 12. Re1 Nxe5 13. dxe5 Nd7 14. f4 Nc5 15. Qe2 d4 16. exd4 Nxd3 17. cxd3 Qxd4+ 18. Kg2 Bxd3 19. Qe3 O-O-O 20. Qxd4 Rxd4 21. Ne2 Be4+ 0-1


[Site "https://www.chess.com"]

[Event "Titled Tuesday Blitz April 18 Late 2023"]
[White "Fernandez Garcia, Gumersindo"]
[Black "Broca Jimenez, Fernando"]
[WhiteFideId "24516740"]
[BlackFideId "5104742"]
[WhiteElo "2093"]
[BlackElo "2062"]
[Result "0-1"]
[Round "06"]
[TimeControl "180+2"]
[Date "2023.04.18"]
[WhiteClock "0:00:02"]
[BlackClock "0:00:10"]

1. e4 c5 2. c3 Nf6 3. e5 Nd5 4. d4 cxd4 5. Nf3 Nc6 6. cxd4 e6 7. Bc4 Nb6 8. Bb5 d6 9. Nc3 Be7 10. O-O O-O 11. Bf4 d5 12. Rc1 f6 13. Bg3 Bd7 14. Re1 f5 15. h3 Qe8 16. Bf4 Qh5 17. Ng5 Qxd1 18. Rexd1 h6 19. Nf3 g5 20. Bd2 Rac8 21. g3 Rc7 22. Bxc6 Rxc6 23. Kg2 Rfc8 24. h4 g4 25. Ne1 h5 26. Nd3 Nc4 27. Bg5 Bf8 28. Nf4 Nxb2 29. Nce2 Nxd1 30. Rxd1 Rc2 31. Ng1 Rxa2 32. Nxh5 Rcc2 33. Nf6+ Kf7 34. Be3 Ba4 35. Rf1 b5 36. h5 b4 37. h6 b3 38. h7 Bg7 39. Ne2 Rxe2 40. Rh1 Bh8 41. Rc1 Rec2 42. Rh1 b2 43. Rh6 b1=Q 44. Nh5 Rxf2+ 45. Bxf2 Qe4+ 46. Kg1 Ra1+ 0-1


[Site "https://www.chess.com"]

[Event "Titled Tuesday Blitz April 18 Late 2023"]
[White "KorolDimitriy75"]
[Black "Dahlgren, James Allen"]
[BlackFideId "22256873"]
[WhiteElo "2369"]
[BlackElo "2178"]
[Result "1/2-1/2"]
[Round "06"]
[TimeControl "180+2"]
[Date "2023.04.18"]
[WhiteClock "0:01:50"]
[BlackClock "0:01:26"]

1. d4 e6 2. c4 c5 3. d5 exd5 4. cxd5 d6 5. Nc3 f5 6. Nf3 Nf6 7. Nd2 g6 8. Nc4 a6 9. a4 Nbd7 10. Bf4 Nb6 11. Na3 a5 12. e3 Nh5 13. Bb5+ Bd7 14. O-O Nxf4 15. exf4 Bg7 16. Re1+ Kf7 17. Bxd7 Qxd7 18. Re6 Nxd5 19. Qxd5 Qxe6 20. Qxb7+ Qe7 21. Qd5+ Qe6 22. Qb7+ Qe7 23. Qd5+ Qe6 24. Qb7+ 1/2-1/2


[Site "https://www.chess.com"]

[Event "Titled Tuesday Blitz April 18 Late 2023"]
[White "Prohorov, Olexandr"]
[Black "Qiao, Cindy"]
[WhiteFideId "14105578"]
[BlackFideId "2620243"]
[WhiteElo "1966"]
[BlackElo "1777"]
[Result "0-1"]
[Round "06"]
[TimeControl "180+2"]
[Date "2023.04.18"]
[WhiteClock "0:00:09"]
[BlackClock "0:00:26"]

1. c4 e5 2. Nc3 Nf6 3. g3 Bc5 4. Bg2 c6 5. Nf3 d6 6. O-O O-O 7. a3 a5 8. d4 exd4 9. Nxd4 Re8 10. Bf4 Qb6 11. Nb3 a4 12. Nxc5 Qxc5 13. Nxa4 Qa7 14. Nc3 Bg4 15. Qxd6 Na6 16. Qd2 Rad8 17. Qc2 Nc5 18. b4 Ne6 19. Be3 Qb8 20. Rad1 Bh5 21. Ne4 Ng4 22. Bb6 Rxd1 23. Rxd1 Bg6 24. Qc3 Nf4 25. gxf4 Bxe4 26. f3 Qxf4 27. fxe4 Qxh2+ 28. Kf1 Qf4+ 29. Ke1 h6 30. Qf3 Qg5 31. Bh3 Ne5 32. Be3 Qh4+ 33. Bf2 Nxf3+ 34. exf3 Qxh3 35. Rd7 Qxf3 36. Rxb7 Rxe4+ 37. Kf1 Rf4 0-1


[Site "https://www.chess.com"]

[Event "Titled Tuesday Blitz April 18 Late 2023"]
[White "Marin Masis, Jose Esteban"]
[Black "Buchenau, Frank"]
[WhiteFideId "6508146"]
[BlackFideId "4604350"]
[WhiteElo "1838"]
[BlackElo "2157"]
[Result "1-0"]
[Round "06"]
[TimeControl "180+2"]
[Date "2023.04.18"]
[WhiteClock "0:00:08"]
[BlackClock "0:00:01"]

1. e4 e6 2. e5 d6 3. exd6 cxd6 4. d4 Nf6 5. Nf3 Be7 6. Nc3 O-O 7. Bd3 a6 8. O-O b5 9. a4 b4 10. Ne4 Nbd7 11. Bf4 Qc7 12. Qd2 Rb8 13. Rfe1 Nxe4 14. Bxe4 Nf6 15. Bd3 Bb7 16. Ng5 Qc6 17. f3 h6 18. Nxe6 fxe6 19. Rxe6 Nd5 20. Bxh6 Rf6 21. Rxf6 Bxf6 22. Bg5 Bxd4+ 23. Kh1 Bxb2 24. Rd1 Re8 25. Be4 Qc5 26. h4 Rxe4 27. fxe4 Nc3 28. Qxd6 Qxd6 29. Rxd6 Nxe4 30. Rd8+ Kh7 31. Be3 Bc6 32. Rc8 Bxa4 33. Rc7 Bc3 34. Ra7 Bb5 35. Rc7 a5 36. h5 a4 37. h6 a3 38. hxg7 Bxg7 39. Bd4 Kg6 40. Rxg7+ Kf5 41. Rb7 Ba4 42. Rxb4 Bxc2 43. Rb5+ Kg4 44. Ra5 Ng3+ 45. Kh2 Nf1+ 46. Kg1 Nd2 47. Rxa3 Nb3 48. Ra8 Nxd4 49. Rg8+ Kf4 50. Rf8+ Bf5 51. Kf2 Ne6 52. g3+ 1-0


[Site "https://www.chess.com"]

[Event "Titled Tuesday Blitz April 18 Late 2023"]
[White "merinasian"]
[Black "Tarnowska, Aleksandra"]
[BlackFideId "1180967"]
[WhiteElo "2339"]
[BlackElo "1776"]
[Result "1-0"]
[Round "06"]
[TimeControl "180+2"]
[Date "2023.04.18"]
[WhiteClock "0:00:48"]
[BlackClock "0:00:02"]

1. d4 d5 2. Nf3 e6 3. c4 Nf6 4. e3 Be7 5. Nbd2 O-O 6. Bd3 dxc4 7. Nxc4 b6 8. O-O Bb7 9. Nce5 Nbd7 10. Bd2 c5 11. Bc3 Nd5 12. Qc2 Rc8 13. Bxh7+ Kh8 14. Be4 N7f6 15. Bd3 cxd4 16. exd4 Nb4 17. Qe2 Nxd3 18. Nxd3 Qd5 19. Nf4 Qf5 20. Qe5 Qh7 21. Ng5 Qh6 22. Ngh3 Rfd8 23. Bd2 Ng4 24. Qe2 Bg5 25. Qxg4 Rxd4 26. Qxg5 Qxg5 27. Nxg5 Rxd2 28. Nxf7+ Kg8 29. Ne5 Rcc2 30. Rad1 Rxb2 31. Rxd2 Rxd2 32. Nxe6 Rxa2 33. Ng5 g6 34. Nxg6 Kg7 35. Ne5 b5 36. h4 b4 37. Rb1 a5 38. Ne6+ Kf6 39. Nc5 Bd5 40. Ng4+ Kg7 41. Ne3 Bf7 42. g4 Bg6 43. Rb3 a4 44. Rxb4 Ra1+ 45. Kg2 a3 46. Ra4 a2 47. Nb3 Rb1 48. Ra7+ Kh6 49. Rxa2 Rxb3 50. Ra6 Kg7 51. h5 Be4+ 52. Kg3 Rb1 53. Kh4 Rh1+ 54. Kg5 Bf3 55. Ra7+ Kf8 56. h6 Rb1 57. Nf5 Rb5 58. h7 1-0


[Site "https://www.chess.com"]

[Event "Titled Tuesday Blitz April 18 Late 2023"]
[White "Oliveira, Tiago Batista"]
[Black "Seder, Mohammed"]
[WhiteFideId "2108291"]
[BlackFideId "11505567"]
[WhiteElo "1962"]
[BlackElo "1862"]
[Result "0-1"]
[Round "06"]
[TimeControl "180+2"]
[Date "2023.04.18"]
[WhiteClock "0:00:04"]
[BlackClock "0:01:37"]

1. d4 Nf6 2. c4 e6 3. Nf3 d5 4. g3 Be7 5. Bg2 O-O 6. O-O Nbd7 7. Nbd2 c5 8. cxd5 Nxd5 9. e4 N5b6 10. dxc5 Nxc5 11. Qc2 Bd7 12. Rd1 Rc8 13. Qb1 Bb5 14. b4 Bd3 15. Qb2 Nca4 16. Qa3 Bc2 17. Re1 a5 18. Qe3 Rc3 19. Qf4 axb4 20. Nb3 Nc4 21. Bd2 Nxd2 22. Nbxd2 g5 23. Qg4 f5 24. exf5 exf5 25. Qh5 g4 26. Ne5 Qxd2 27. Nxg4 fxg4 0-1


[Site "https://www.chess.com"]

[Event "Titled Tuesday Blitz April 18 Late 2023"]
[White "Chemin, Justo Reinaldo"]
[Black "Kraus, Tomas"]
[WhiteFideId "2101580"]
[BlackFideId "331708"]
[WhiteElo "1940"]
[BlackElo "2389"]
[Result "1-0"]
[Round "06"]
[TimeControl "180+2"]
[Date "2023.04.18"]
[WhiteClock "0:00:38"]
[BlackClock "0:00:45"]

1. e4 e5 2. Nf3 Nc6 3. Bb5 a6 4. Ba4 Nf6 5. d3 b5 6. Bb3 Be7 7. a3 O-O 8. O-O d6 9. h3 Nb8 10. Nbd2 Nbd7 11. Re1 Bb7 12. Nf1 h6 13. g4 Re8 14. Ng3 Bf8 15. Nf5 Nc5 16. Ba2 Ne6 17. Be3 c5 18. Nh2 Nf4 19. Qf3 g6 20. Bxf4 exf4 21. Nh4 Nxe4 22. Nxg6 Nc3 23. Qxb7 Nxa2 24. Nxf8 Rxe1+ 25. Rxe1 Qxf8 26. Qd5 c4 27. dxc4 Re8 28. Rxe8 Qxe8 29. cxb5 1-0


[Site "https://www.chess.com"]